 Dungeon Crawl Stone Soup version 0.28.0-53-g5a82cb258f (webtiles) character file.

Game seed: 4053671085659212349

49 DildoBatman the Conjurer (level 4, 0/28 (30) HPs)
             Began as a Formicid Conjurer on June 10, 2022.
             Slain by Robin
             ... wielding a +0 spear
              (4 damage)
             ... on level 2 of the Dungeon.
             The game lasted 00:03:06 (1059 turns).

DildoBatman the Conjurer (Formicid Conjurer)        Turns: 1059, Time: 00:03:07

HP:   0/28 (30)     AC:  4    Str: 18    XL:     4   Next: 1%
MP:   4/7           EV: 12    Int: 17    God:
Gold: 15            SH:  0    Dex: 11    Spells: 4/7 levels left

rFire   . . .      SeeInvis +   a - +7 flail "Xadeit" {elec, rCorr Str+6 Stlth+}
rCold   . . .      Faith    .   (no shield)
rNeg    . . .      Spirit   .   i - +0 robe
rPois   +          Reflect  .   (helmet unavailable)
rElec   .          Harm     .   (no cloak)
rCorr   +          Rampage  +   c - +0 pair of gloves
Will    .....                   l - +0 pair of boots {rampage}
Stlth   +++.......              (no amulet)
HPRegen 0.09/turn               f - ring of poison resistance
MPRegen 0.10/turn               (no ring)

@: drained
A: permanent stasis, dig shafts and tunnels, antennae 3, four strong arms
a: Dig, Shaft Self


You were on level 2 of the Dungeon.
You visited 1 branch of the dungeon, and saw 2 of its levels.

You collected 15 gold pieces.

Inventory:

Hand Weapons
 a - the +7 flail "Xadeit" (weapon) {elec, rCorr Str+6 Stlth+}
   (You found it on level 2 of the Dungeon)

   It occasionally discharges a powerful burst of electricity upon striking a
   foe.
   Str:       It affects your strength (+6).
   rCorr:     It protects you from acid and corrosion.
   Stlth:     It makes you more stealthy.
Missiles
 d - 8 poisoned darts
 g - 73 stones
Armour
 c - a +0 pair of gloves (worn)
 i - a +0 robe (worn)
 l - a +0 pair of boots of rampaging (worn)
Jewellery
 f - a ring of poison resistance (left hand)
Scrolls
 b - 2 scrolls of enchant armour {unknown}
 k - a scroll of immolation {unknown}
Potions
 e - a potion of brilliance {unknown}
 h - a potion of resistance {unknown}
 j - 2 potions of curing {unknown}


   Skills:
 - Level 1.7 Dodging
 - Level 2.4 Stealth
 - Level 2.1 Spellcasting
 * Level 4.8 Conjurations


You had 4 spell levels left.
You knew the following spells:

 Your Spells              Type           Power      Damage    Failure   Level
a - Searing Ray           Conj           36%        2d5       3%          2
c - Magic Dart            Conj           72%        1d6       2%          1

Your spell library contained the following spells:

 Spells                   Type           Power      Damage    Failure   Level
 Dazzling Flash           Conj/Hex       20%        N/A       22%         3
 Fulminant Prism          Conj/Hex       5%         3d7       56%         4
 Iskenderun's Mystic Bla  Conj/Tloc      10%        2d4       56%         4


Dungeon Overview and Level Annotations

Branches:
Dungeon (2/15)

Altars:
Dithmenos

Annotations:
D:2 Robin


Innate Abilities, Weirdness & Mutations

You cannot be hasted, slowed, berserked, paralysed or teleported.
You can dig through walls and to a lower floor.
You have a pair of large antennae on your head. (SInv)
Your four strong arms can wield two-handed weapons with a shield.


Message History

The adder closely misses you.
The goblin shoots a stone.
The stone hits you. Robin barely misses you. The adder closely misses you.
What are your orders? t - Shout!
Orders for allies: a - Attack new target. p - Attack previous target. r - Retreat! s - Stop attacking. g - Guard the area. f - Follow me.
Anything else - Cancel.
You shout for attention!
The goblin no longer looks unusually strong.
The adder bites you but does no damage. Robin hits you with a +0 spear.
What are your orders? t - Shout!
Orders for allies: a - Attack new target. p - Attack previous target. r - Retreat! s - Stop attacking. g - Guard the area. f - Follow me.
Anything else - Cancel.
You shout for attention!
The adder barely misses you.
The goblin shoots a stone.
The stone misses you.
The stone closely misses the adder.
Robin's bangles clink loudly.
Robin hits you with a +0 spear. What are your orders? t - Shout!
Orders for allies: a - Attack new target. p - Attack previous target. r - Retreat! s - Stop attacking. g - Guard the area. f - Follow me.
Anything else - Cancel.
You shout for attention!
The adder bites you but does no damage.
The goblin shoots a stone.
The stone hits you. Robin hits you with a +0 spear.
You die...

. . g. #.#
.#.#.# #.#
#.... #.#
#.#.# #.#
#.... #.#
#.#.# #.#
#.#g#######
..
#{#........
...
#{#@########
###
#.gS.......#
##########.#
#.# #†# #.#
#.#########
#..........
#.#########


You could see Robin, an adder and a goblin.

Vanquished Creatures
  An adder (D:2)
  A dart slug (D:1)
  An orc (D:2)
  4 ball pythons
  5 bats
  2 endoplasms
  2 giant cockroaches
  8 goblins (D:2)
  2 hobgoblins
  A quokka (D:1)
  4 kobolds
  2 rats (D:1)
33 creatures vanquished.

Vanquished Creatures (others)
  6 withered plants (D:1)
6 creatures vanquished.

Grand Total: 39 creatures vanquished

Notes
Turn   | Place    | Note
-------+----------+-------------------------------------------
     0 | D:1      | DildoBatman the Formicid Conjurer began the quest for the
                  | Orb.
     0 | D:1      | Reached XP level 1. HP: 13/13 MP: 3/3
   213 | D:1      | Reached skill level 4 in Conjurations
   213 | D:1      | Reached XP level 2. HP: 16/19 MP: 1/5
   216 | D:1      | Learned a level 2 spell: Searing Ray
   275 | D:1      | Found a faded altar of an unknown god.
   589 | D:2      | Found a shadowy altar of Dithmenos.
   604 | D:2      | Noticed Robin
   617 | D:2      | Reached XP level 3. HP: 21/24 MP: 3/6
   669 | D:2      | Identified the +7 flail "Xadeit" {elec, rCorr Str+6 Stlth+}
  1053 | D:2      | Reached XP level 4. HP: 26/30 MP: 4/7
  1059 | D:2      | Slain by Robin

Illustrated notes

Levels and vault maps discovered:
D:1:      shiori_arrival_maze, layout_basic, ebering_ecumenical_altar_petrified,
          minmay_misc_feat_tower
D:2:      layout_basic, basic_altar, hex_tiny, minmay_misc_feat_cross,
          uniq_robin

Skill      XL: |  1 |
---------------+----+-----
Conjurations   | 4 |  4.8
Dodging        | |  1.7
Stealth        | |  2.4
Spellcasting   | |  2.1

Action                   |  1- 3 |  4- 6 || total
-------------------------+-------+-------++-------
Melee: Whip              |    34 |       ||    34
       Flail             |     9 |       ||     9
       Dagger            |     4 |       ||     4
 Cast: Magic Dart        |    26 |       ||    26
       Searing Ray       |     3 |       ||     3
 Abil: Dig               |       |     1 ||     1
 Stab: Sleeping          |     2 |       ||     2
Armor: Robe              |    14 |     3 ||    17
Dodge: Dodged            |    41 |     9 ||    50
